 Dungeon Crawl Stone Soup version 0.23.2-33-g5129a83184 (webtiles) character file.

Game seed: 17688750151145503342

3733 Spinogrblz the Poker (level 9, -1/71 HPs)
             Began as a Demonspawn Berserker on July 19, 2019.
             Was an Elder of Trog.
             Slain by a wight
             ... wielding a +3 trident
              (8 damage)
             ... on level 8 of the Dungeon.
             The game lasted 00:33:36 (8519 turns).

Spinogrblz the Poker (Demonspawn Berserker)         Turns: 8519, Time: 00:33:37

Health: -1/71      AC:  5    Str: 21    XL:     9   Next: 92%
Magic:  9/9        EV: 14    Int:  8    God:    Trog [****..]
Gold:   303        SH:  6    Dex: 15    Spells: 8/8 levels left

rFire    . . .     SeeInvis .   a - +4 spear
rCold    . . .     Gourm    .   k - +2 buckler
rNeg     . . .     Faith    .   b - +0 animal skin
rPois    .         Spirit   .   (no helmet)
rElec    .         Reflect  .   (no cloak)
rCorr    .         Harm     .   (no gloves)
MR       .....     Rnd*Tele +   (no boots)
Stlth    ++........             i - amulet of regeneration
HPRegen  0.61/turn              e - ring of teleportation (curse)
MPRegen  0.11/turn              o - ring of flight

@: berserk cooldown, slowed, heavily drained, very slow
A: claws 1, slimy green scales 2, foul stench 1, strong 1, rot immunity
a: Berserk, Trog's Hand, Brothers in Arms, Renounce Religion, Evoke Flight


You were on level 8 of the Dungeon.
You worshipped Trog.
Trog was greatly pleased with you.
You were not hungry.

You visited 2 branches of the dungeon, and saw 9 of its levels.

You collected 303 gold pieces.

Inventory:

Hand Weapons
 a - a +4 spear (weapon)
Armour
 b - a +0 animal skin (worn)
 k - a +2 buckler (worn)
Jewellery
 e - a cursed ring of teleportation (left claw)
 i - an amulet of regeneration (around neck)
 o - a ring of flight (right claw)
Wands
 f - a wand of polymorph (8)
 l - a wand of paralysis (7)
 m - a wand of disintegration (23)
 q - a wand of flame (18)
 r - a wand of digging (8)
Scrolls
 h - a scroll of blinking
 j - 3 scrolls of identify
 s - a scroll of enchant weapon
Potions
 d - a potion of curing
 g - a potion of invisibility
 p - a potion of brilliance
Comestibles
 c - 7 rations


   Skills:
 + Level 6.9(3.9) Fighting
 + Level 7.9(4.8) Polearms
 + Level 2.0(0.0) Armour
 + Level 7.1(4.1) Dodging
 + Level 3.4(0.7) Stealth
 + Level 4.6(1.7) Shields


You had 8 spell levels left.
You didn't know any spells.
Your spell library contained the following spells:

 Spells                   Type           Power        Failure   Level  Hunger
 Animate Skeleton         Necr           N/A          50%         1    ##.....
 Beastly Appendage        Tmut           #.....       50%         1    ##.....
 Pain                     Necr           #...         50%         1    ##.....
 Sticks to Snakes         Tmut           #.......     65%         2    ###....
 Regeneration             Chrm/Necr      #.........   86%         3    ####...
 Spider Form              Tmut/Pois      #.........   86%         3    ####...
 Vampiric Draining        Necr           #.........   86%         3    ####...
 Animate Dead             Necr           N/A          99%         4    #####..
 Ice Form                 Ice/Tmut       #.......     99%         4    #####..
 Blade Hands              Tmut           #.........   100%        5    ######.


Dungeon Overview and Level Annotations

Branches:
Dungeon (8/15)             Temple (1/1) D:4
   Lair: D:8-11

Altars:
Ashenzari
Cheibriados
Elyvilon
Fedhas
Gozag
Hepliaklqana
Kikubaaqudgha
Makhleb
Nemelex Xobeh
Okawaru
Qazlal
Ru
Sif Muna
Trog
Uskayaw
Vehumet
Wu Jian
Xom
Yredelemnul
Zin
The Shining One
Lugonu


Innate Abilities, Weirdness & Mutations

You have sharp fingernails.
You are mostly covered in slimy green scales. (AC +3)
You may emit foul miasma when damaged in melee.
You are immune to rotting.
Your muscles are strong. (Str +2)


Message History

The wight is moderately damaged.
The wight hits you from afar with a +3 trident!
* * * LOW HITPOINT WARNING * * *
You feel drained.
* * * LOW HITPOINT WARNING * * *
The wight hits you but does no damage.
You puncture the wight!
The wight is almost destroyed.
You hit the wight.
You destroy the wight!
Trog accepts your kill. You block the wight's attack.
You feel a strong urge to attack something.
You are no longer berserk.
You are exhausted.
You feel yourself slow down.
You hit the wight.
The wight is lightly damaged.
The wight hits you with a +3 trident!
You die...

. ###............# [.. .
........##########....
.############.#....# .......
.......#......#....##.#.....
#......#.#####..............
#...#.##.####.........zz....
#)..#....#.........####.....
...#######.#..####z# ...
...........#..#.@#)# .
############..#..z.# ..
#.......######
#####.#.......#
....#.######### ........
)####.# . .#(.#.###...#####.
+......... .#(.#.....
......# #........#


You could see a wight.

Vanquished Creatures
  Harold (D:8)
  Pikel (D:7)
  The ghost of DorianNounverber the Digger, an amateur GrEE (D:3)
  A water moccasin (D:5)
  A sky beast (D:8)
  A black bear (D:6)
  3 ogres
  3 centaurs
  5 bullfrogs
  4 wights (D:8)
  8 killer bees (D:8)
  2 crimson imps (D:8)
  2 orc wizards
  A bullfrog skeleton (D:4)
  A centaur skeleton (D:7)
  An orc priest (D:4)
  5 iguanas
  Ijyb (D:3)
  6 worker ants
  A killer bee zombie (D:7)
  A hound skeleton (D:5)
  A howler monkey skeleton (D:6)
  2 gnolls
  18 adders
  2 shadow imps
  4 worms
  5 leopard geckos
  16 orcs
  3 ball pythons
  4 bats
  A bat zombie (D:3)
  4 giant cockroaches
  8 goblins
  8 hobgoblins
  8 jackals
  9 kobolds
  A quokka (D:5)
  A frilled lizard (D:3)
  7 rats
  A rat zombie (D:3)
  A spectral orc (D:4)
  A demonic plant (Temple)
155 creatures vanquished.

Notes
Turn   | Place    | Note
-------+----------+-------------------------------------------
     0 | D:1      | Spinogrblz the Demonspawn Berserker began the quest for the
                  | Orb.
     0 | D:1      | Reached XP level 1. HP: 18/18 MP: 1/1
   337 | D:1      | Gained mutation: You are immune to rotting. [demonic
                  | ancestry]
   337 | D:1      | Reached XP level 2. HP: 17/24 MP: 2/2
   905 | D:1      | Gained mutation: You are partially covered in slimy green
                  | scales. (AC +2) [demonic ancestry]
   905 | D:1      | Reached XP level 3. HP: 26/29 MP: 3/3
  1288 | D:1      | Reached ** piety under Trog
  1680 | D:2      | Found a blossoming altar of Fedhas.
  1975 | D:2      | Found an iron altar of Okawaru.
  2008 | D:2      | Reached XP level 4. HP: 13/37 MP: 4/4
  2329 | D:2      | Reached skill level 1 in Stealth
  2632 | D:2      | Reached XP level 5. HP: 29/42 MP: 5/5
  3016 | D:3      | Found a large runed translucent door.
  3017 | D:3      | Found a large runed translucent door.
  3021 | D:3      | Noticed DorianNounverber's ghost (amateur GrEE)
  3096 | D:3      | Noticed Ijyb
  3178 | D:3      | Killed Ijyb
  3477 | D:3      | Found an ancient bone altar of Kikubaaqudgha.
  3596 | D:3      | Found a faded altar of an unknown god.
  3676 | D:3      | Killed DorianNounverber's ghost
  3676 | D:3      | Gained mutation: You may emit foul miasma when damaged in
                  | melee. [demonic ancestry]
  3676 | D:3      | Reached XP level 6. HP: 49/49 MP: 6/6
  3732 | D:4      | Found a basalt altar of Yredelemnul.
  3839 | D:4      | Gained mutation: Scrolls take you a little longer to read.
                  | [potion of mutation]
  3839 | D:4      | Lost mutation: Scrolls take you a little longer to read.
                  | [potion of mutation]
  3839 | D:4      | Gained mutation: You are mostly covered in slimy green
                  | scales. (AC +3) [potion of mutation]
  3839 | D:4      | Gained mutation: Your muscles are strong. (Str +2) [potion
                  | of mutation]
  3919 | D:4      | Reached skill level 1 in Shields
  4012 | D:4      | Reached skill level 5 in Polearms
  4012 | D:4      | Gained mutation: You have sharp fingernails. [demonic
                  | ancestry]
  4012 | D:4      | Reached XP level 7. HP: 38/55 MP: 7/7
  4049 | D:4      | Found a snail-covered altar of Cheibriados.
  4093 | D:4      | Reached *** piety under Trog
  4101 | D:4      | Found a shattered altar of Ashenzari.
  4138 | D:4      | Found a staircase to the Ecumenical Temple.
  4147 | Temple   | Entered the Ecumenical Temple
  4682 | D:4      | Found a shattered altar of Ashenzari.
  4783 | D:5      | Entered Level 5 of the Dungeon
  5290 | D:5      | Found a radiant altar of Vehumet.
  5439 | D:5      | Reached skill level 5 in Fighting
  5613 | D:5      | Reached XP level 8. HP: 48/62 MP: 8/8
  5622 | D:5      | Found a sparkling altar of Nemelex Xobeh.
  6612 | D:6      | Found a burning altar of Makhleb.
  7221 | D:7      | Reached skill level 5 in Dodging
  7301 | D:7      | Noticed Pikel
  7311 | D:7      | Killed Pikel
  7311 | D:7      | Mutation became permanent: You are partially covered in
                  | slimy green scales. (AC +2) [demonic ancestry]
  7311 | D:7      | Gained mutation: You are mostly covered in slimy green
                  | scales. (AC +3) [demonic ancestry]
  7311 | D:7      | Reached XP level 9. HP: 61/69 MP: 9/9
  8187 | D:8      | Reached **** piety under Trog
  8287 | D:8      | Found a hide-covered altar of Uskayaw.
  8289 | D:8      | Noticed a +0 hand axe
  8289 | D:8      | Noticed a +0 dagger
  8291 | D:8      | Noticed Harold
  8306 | D:8      | Killed Harold
  8519 | D:8      | Slain by a wight

Skill      XL: |  1  2  3  4  5  6  7  8  9 |
---------------+----------------------------+-----
Polearms       | 3 4 5 7 |  7.9
Armour         | 2 |  2.0
Dodging        | 2 3 4 5 7 |  7.1
Stealth        | 1 2 3 |  3.4
Fighting       | 4 5 6 |  6.9
Shields        | 1 2 3 4 |  4.6

Action                   |  1- 3 |  4- 6 |  7- 9 || total
-------------------------+-------+-------+-------++-------
Melee: Spear             |   161 |   231 |   469 ||   861
Invok: Berserk           |     1 |     2 |     4 ||     7
       Trog's Hand       |       |     1 |     1 ||     2
  Use: Scroll            |     6 |     6 |     6 ||    18
       Potion            |     4 |     5 |     6 ||    15
 Stab: Sleeping          |     2 |     2 |     1 ||     5
  Eat: Ration            |     3 |     1 |     6 ||    10
Armor: Animal skin       |    41 |    48 |    65 ||   154
Dodge: Dodged            |   107 |   115 |   252 ||   474
Block: Buckler           |       |    34 |   123 ||   157
